 Dungeon Crawl Stone Soup version 0.28.0-43-g3370ac3207 (webtiles) character file.

Game seed: 15631977404117401566

116 Orthodox the Skirmisher (level 4, -6/42 HPs)
             Began as a Minotaur Fighter on Mar 3, 2022.
             Mangled by Sigmund
             ... wielding a +0 scythe
              (8 damage)
             ... on level 3 of the Dungeon.
             The game lasted 00:04:04 (1978 turns).

Orthodox the Skirmisher (Minotaur Fighter)          Turns: 1978, Time: 00:04:05

Health: -6/42      AC:  8    Str: 21    XL:     4   Next: 69%
Magic:  3/3        EV: 10    Int:  5    God:
Gold:   68         SH:  4    Dex: 11    Spells: 3/3 levels left

rFire   . . .      SeeInvis .   a - +0 long sword
rCold   . . .      Faith    .   c - +0 buckler
rNeg    . . .      Spirit   .   g - +3 leather armour
rPois   .          Reflect  .   (helmet restricted)
rElec   .          Harm     .   f - +1 cloak
rCorr   .          Rampage  .   (no gloves)
Will    +....                   (no boots)
Stlth   +.........              (no amulet)
HPRegen 0.14/turn               m - ring of willpower
MPRegen 0.08/turn               (no ring)

@: mighty
A: horns 2, retaliatory headbutt
a: no special abilities


You were on level 3 of the Dungeon.
You visited 1 branch of the dungeon, and saw 3 of its levels.

You collected 68 gold pieces.

Inventory:

Hand Weapons
 a - a +0 long sword (weapon)
Armour
 b - a +0 scale mail
 c - a +0 buckler (worn)
 f - a +1 cloak (worn)
 g - a +3 leather armour (worn)
Jewellery
 m - a ring of willpower (left hand)
Scrolls
 e - 4 scrolls of identify {unknown}
 i - a scroll of fog {unknown}
 l - a scroll of fear {unknown}
 n - a scroll of immolation {unknown}
Potions
 h - 2 potions of curing {unknown}
 j - a potion of lignification {unknown}
 k - a potion of haste {unknown}


   Skills:
 + Level 5.2 Fighting
 + Level 4.4 Long Blades
 - Level 3.6 Armour
 - Level 4.0 Shields


You had 3 spell levels left.
You didn't know any spells.
Your spell library was empty.

Dungeon Overview and Level Annotations

Branches:
Dungeon (3/15)

Altars:

Annotations:
D:3 Sigmund


Innate Abilities, Weirdness & Mutations

You have a pair of horns on your head.
You reflexively headbutt those who attack you in melee.


Message History

You kill the quokka!
No target in view!
No target in view!
Found 19 bolts.
Sigmund the Dreaded comes into view.
He is wielding a +0 scythe and wearing a +2 robe of willpower.
Sigmund shouts!
A bat comes into view.
You feel very mighty all of a sudden.
Sigmund mumbles some strange words.
Sigmund flickers and vanishes!
Deactivating autopickup; reactivate with Ctrl-A.
You hit the bat.
You kill the bat!
Something hits you!
You take 9 damage, and have 33/42 hp.
MASSIVE DAMAGE!!
Something hits you but does no damage.
You miss something. Something hits you but does no damage.
You miss something. You hit something. Something hits you.
You take 4 damage, and have 29/42 hp.
You closely miss something. Something hits you.
You take 4 damage, and have 25/42 hp.
You hit something. Your headbutt misses something.
You hear some strange, mumbled words.
A magic dart appears from out of thin air!
The magic dart hits you.
You take 2 damage, and have 23/42 hp.
You barely miss something. Something hits you!
You take 8 damage, and have 15/42 hp.
You closely miss something. Your headbutt misses something.
Something hits you but does no damage.
You barely miss something. Something hits you!
* * * LOW HITPOINT WARNING * * *
You take 10 damage, and have 5/42 hp.
MASSIVE DAMAGE!!
You miss something. Your headbutt misses something. You barely miss something.
Your headbutt misses something. Something hits you.
* * * LOW HITPOINT WARNING * * *
You take 4 damage, and have 1/42 hp.
You slash something! Something hits you!
You die...

#.####.#####.##.###.
........####.## #
..............#
#.####..####.## #..#
### #(.# #..#
#.######..#.#
#.....{@....#
#####.....###
#.###..# .. #..# ##
#.## .## #


There were no monsters in sight!

Vanquished Creatures
  Terence (D:2)
  3 adders (D:2)
  2 worms (D:2)
  A dart slug (D:2)
  6 ball pythons
  5 endoplasms
  2 giant cockroaches (D:2)
  5 goblins
  A hobgoblin (D:1)
  4 jackals (D:2)
  4 kobolds
  3 quokkas
  9 bats
  3 frilled lizards (D:2)
  7 rats
56 creatures vanquished.

Notes
Turn   | Place    | Note
-------+----------+-------------------------------------------
     0 | D:1      | Orthodox the Minotaur Fighter began the quest for the Orb.
     0 | D:1      | Reached XP level 1. HP: 19/19 MP: 0/0
   330 | D:1      | Reached XP level 2. HP: 27/27 MP: 1/1
   448 | D:1      | Reached skill level 4 in Fighting
   942 | D:2      | Reached XP level 3. HP: 29/33 MP: 2/2
  1364 | D:2      | Noticed Terence
  1381 | D:2      | Killed Terence
  1382 | D:2      | Reached XP level 4. HP: 32/41 MP: 3/3
  1489 | D:2      | Reached skill level 5 in Fighting
  1963 | D:3      | Noticed Sigmund
  1977 | D:3      | HP: 1/42 [something (4)]
  1978 | D:3      | Mangled by Sigmund

Illustrated notes

Levels and vault maps discovered:
D:1:      dpeg_arrival_another_circle, layout_basic, grunt_decor_resistance,
          chequers_serial_rivers_large_a, supply_closet_lemuel,
          serial_park_tiny_1
D:2:      layout_loops_ring, hangedman_decor_opposing, minmay_pentomino_v4,
          uniq_terence
D:3:      layout_loops_ring, hellmonk_ecumenical_altar_watching_god,
          uniq_sigmund

Skill      XL: |  1  2  3  4 |
---------------+-------------+-----
Fighting       | 4 5 |  5.2
Shields        | 4 |  4.0
Long Blades    | 3 4 |  4.4
Armour         | |  3.6

Action                   |  1- 3 |  4- 6 || total
-------------------------+-------+-------++-------
Melee: Long sword        |   102 |    37 ||   139
       Headbutt          |    16 |     4 ||    20
  Use: Potion            |       |     1 ||     1
Armor: Scale mail        |    14 |       ||    14
       Leather armour    |    21 |    14 ||    35
Dodge: Dodged            |    47 |    15 ||    62
Block: Buckler           |    25 |     4 ||    29
